[Event "Swietokrzyskie IM Chess-ch 2022"]
[Site "Zagnansk"]
[Date "2022.05.05"]
[Round "8.1"]
[White "Sieciechowicz, IM Marcin"]
[Black "Prokofiev, Valentyn"]
[Result "0-1"]
[ECO "E61"]
[WhiteElo "2388"]
[BlackElo "2287"]
[Annotator "TA"]
[PlyCount "78"]
[EventDate "2022.04.29"]
[EventCountry "POL"]
[SourceTitle "playchess.com"]
[Source "ChessBase"]
[SourceQuality "1"]
[TimeControl "40/5400+30:1800+30"]

1. d4 Nf6 2. c4 g6 3. Nc3 c5 4. d5 Bg7 5. e4 d6 6. Nf3 O-O 7. Be2 e6 8. O-O Re8 9. h3 exd5 10. exd5 Bf5 11. Bd3 {[%emt 0:00:10] E91: King's Indian: Classical: 6 Be2, unusual replies including 6...c5 and 6...Bg4.} Ne4 12. Nxe4 Bxe4 13. Bxe4 {[%emt 0:00:52] White is slightly better.} Rxe4 14. Qc2 Re8 15. Bg5 Qc7 16. Rae1 Nd7 17. b3 {[%emt 0:01:16] [#]} a6 $146 ({Predecessor:} 17... Ne5 18. Nd2 f5 19. Nb1 Qf7 20. Nc3 a6 21. a4 f4 22. Ne4 Qf8 23. f3 h6 {½-½ (47) Satkar,C (2089)-Kushagra,M (2283) Ahmedabad 2018}) 18. Qd2 b5 19. Rxe8+ Rxe8 20. Re1 Rb8 21. Bh6 Qd8 22. Bg5 Qc7 23. Qf4 {[%emt 0:19:37] Black must now prevent Re7.} Ne5 24. Nxe5 Bxe5 25. Qh4 Qa5 26. Rxe5 dxe5 $11 {[%emt 0:00:14][%mdl 4096] Endgame KQR-KQB} 27. d6 {[%emt 0:06:05] Strongly threatening d7.} Qe1+ ({Don't do} 27... Qxa2 28. Kh2 h5 29. d7 $16) 28. Kh2 {[%emt 0:00:02] White wants to mate with Bh6.} Qd1 29. Be7 {[%emt 0:00:01][%cal Ob3b4] aiming for b4!} Qd4 {[%emt 0:00:31] [#]} (29... bxc4 $11 {keeps the balance.} 30. Qxc4 Qd4 31. Qxa6 h5) 30. Qf6 $2 {[%emt 0:08:15][%mdl 8192] This costs White the game.} (30. b4 $1 $16) 30... bxc4 $19 31. bxc4 {[%emt 0:00:55] [#]} Rb7 $1 {[%emt 0:04:51] Hoping for ...Qf4+.} ({Resist} 31... Qxc4 32. d7 Qf4+ 33. Qxf4 exf4 34. d8=Q+ Rxd8 35. Bxd8 $18) 32. Qf3 (32. g4 {was called for.}) 32... Qf4+ {[%emt 0:01:33] Black is clearly winning.} 33. Qxf4 exf4 {[%emt 0:00:06] KR-KB} 34. Bg5 (34. a4 $142) 34... Kf8 35. Bxf4 Rb4 36. d7 Ke7 37. Bd6+ Kxd7 38. Bxc5 Rxc4 39. Bf8 Rc2 {[%emt 0:00:04][%csl LRa2,LRf2] Weighted Error Value: White=0.44/Black=0.10 (very precise)} 0-1

[Event "Swietokrzyskie IM Chess-ch 2022"]
[Site "Zagnansk"]
[Date "2022.05.05"]
[Round "8.2"]
[White "Nowak, FM Lukasz"]
[Black "Wikar, WFM Martyna"]
[Result "1/2-1/2"]
[ECO "E68"]
[WhiteElo "2376"]
[BlackElo "2197"]
[Annotator "TA"]
[PlyCount "121"]
[EventDate "2022.04.29"]
[EventCountry "POL"]
[SourceTitle "playchess.com"]
[Source "ChessBase"]
[SourceQuality "1"]
[TimeControl "40/5400+30:1800+30"]

1. d4 Nf6 2. c4 g6 3. g3 Bg7 4. Bg2 d6 5. Nc3 O-O 6. Nf3 Nbd7 7. O-O e5 8. e4 Re8 9. Be3 exd4 10. Nxd4 Nc5 11. f3 a5 12. Qd2 {[%emt 0:04:01] E68: King's Indian: Fianchetto: 6...Nbd7 7 0-0 e5 8 e4.} (12. Ndb5 $5 ) 12... Bd7 13. Rad1 a4 14. Rfe1 {[%emt 0:00:33] [#] White is better.} Ne6 $146 ({Predecessor:} 14... Qc8 15. Nd5 Nxd5 16. cxd5 Bh3 17. Bh1 Bd7 18. Qc2 h6 19. Rc1 Kh7 20. f4 b5 {1-0 (39) Pursiainen,H-Antin,T Finland 1982}) 15. Ndb5 Qc8 16. Bf2 Bc6 17. h3 b6 18. f4 {[%emt 0:05:01] Threatens to win with e5.} Qb7 19. Nd5 Rac8 20. Nd4 {[%emt 0:02:44] White is much more active.} Nxd4 21. Bxd4 Bxd5 22. cxd5 ({Much worse is} 22. exd5 $6 Nd7 $11) 22... Nd7 23. Bxg7 Kxg7 24. Qd4+ f6 25. Qxa4 b5 26. Qd4 Ra8 $1 27. a3 Ra4 $1 28. Qf2 Rc4 {[%emt 0:10:05] [#]} (28... b4 $1 $14) 29. Rd4 (29. b4 $142 $1) 29... Qb6 $16 30. Rxc4 bxc4 31. Rc1 Qxf2+ 32. Kxf2 {[%emt 0:00:07][%mdl 4096] Endgame KRB-KRN} Rb8 {[%emt 0:00:04] [#]} 33. Rxc4 (33. Rc2 $1 $16) 33... Rxb2+ $14 34. Kg1 Nc5 35. Rc3 Rb1+ 36. Kh2 Re1 37. Bf3 Kf8 38. Kg2 Nxe4 39. Rxc7 Nd2 40. Rc2 Nxf3 41. Kxf3 {[%emt 0:24:11] KR-KR} Rd1 42. a4 {[%emt 0:15:08] And now a5 would win.} Rxd5 43. Ra2 Ra5 $1 44. Ke4 Ke7 45. Kd4 Kd7 46. Kc4 Kc6 47. Kb4 Ra8 (47... Rd5 $11) 48. Rc2+ (48. a5 $16) 48... Kb6 49. Re2 Kc6 50. Rc2+ Kb6 51. Re2 Kc6 52. a5 Rb8+ $1 53. Ka4 Rb1 54. Rc2+ Kb7 55. Rc3 {[%emt 0:00:59] Black must now prevent Rb3+.} Ra1+ (55... Rd1 $1 $11) 56. Ra3 (56. Kb5 $14) 56... Rd1 $11 {[%emt 0:01:13] The position is equal.} 57. Rc3 Rd4+ 58. Kb5 {[%emt 0:00:26] Strongly threatening a6+.} Rd5+ 59. Kb4 Rd4+ 60. Rc4 Rd3 61. Rc3 {[%emt 0:05:04] Weighted Error Value: White=0.15 (very precise) /Black=0.12 (very precise)} 1/2-1/2

[Event "Swietokrzyskie IM Chess-ch 2022"]
[Site "Zagnansk"]
[Date "2022.05.05"]
[Round "8.3"]
[White "Kotyk, Michael"]
[Black "Krzywda, CM Andrzej"]
[Result "0-1"]
[ECO "A01"]
[WhiteElo "2170"]
[BlackElo "2152"]
[Annotator "TA"]
[PlyCount "80"]
[EventDate "2022.04.29"]
[EventCountry "POL"]
[SourceTitle "playchess.com"]
[Source "ChessBase"]
[SourceQuality "1"]
[TimeControl "40/5400+30:1800+30"]

1. b3 c5 2. Bb2 Nc6 3. f4 Nf6 4. Nf3 g6 5. e3 Bg7 6. Be2 O-O 7. O-O d6 8. Qe1 {[%emt 0:05:20] is the legacy move (8.a4).} e5 {[%emt 0:05:24] A02: Bird's Opening.} 9. fxe5 Ng4 {[%emt 0:00:43][%cal Rd6e5] [#]} 10. e4 $146 ({Predecessor:} 10. Nc3 Ngxe5 11. Qg3 Nb4 12. Rac1 Nxf3+ 13. Qxf3 Nxa2 14. Ra1 Nxc3 15. Bxc3 Bxc3 16. dxc3 {0-1 (38) Blatny,P (2494)-Bocharov,D (2527) Dos Hermanas 2004}) 10... Ngxe5 {[%emt 0:04:31] Black has an edge.} 11. Nxe5 dxe5 12. Bc4 Nd4 13. Na3 Qg5 14. Qe3 Bh6 15. Bxd4 cxd4 ({Don't take} 15... exd4 16. Qxg5 Bxg5 17. Rxf7 $1 Rxf7 18. Rf1 $16) 16. Qxg5 Bxg5 17. Nb5 Kg7 (17... Be6 $15 18. d3 Bxc4 19. bxc4 a6) 18. Nd6 f5 19. d3 (19. exf5 $11 gxf5 20. Rae1) 19... Be3+ $1 $17 20. Kh1 f4 $1 21. h3 h5 22. Bd5 Rb8 23. Nc4 {[%emt 0:01:33] [#]} Kf6 ({Black should try} 23... Re8 $1 $17) 24. Kh2 (24. Rae1 $1 $14 {stays ahead.}) 24... g5 25. g3 $2 {[%emt 0:00:42] [#] This costs White the game.} (25. h4 $17 {was called for.}) 25... b5 $1 $19 26. Nxe3 dxe3 27. d4 b4 (27... Bd7 $142 28. gxf4 gxf4) 28. Rae1 $2 (28. Bc4 {nothing else works.}) 28... Ba6 29. Bc4 Bxc4 30. bxc4 {[%emt 0:00:01][%mdl 4096] Endgame KRR-KRR} Ke6 31. gxf4 gxf4 32. d5+ Kd6 33. Re2 Rbc8 34. Rg1 Rf6 35. Rf1 Rg6 36. Ra1 Rxc4 {[%emt 0:00:50] ...f3 is the strong threat.} 37. a3 b3 38. cxb3 Rxe4 {[%emt 0:00:28] ( -> ...f3)} 39. Rc1 Kxd5 40. Rc8 Rd4 {[%emt 0:00:00] Weighted Error Value: White=1.41/Black=0.39} 0-1

[Event "Swietokrzyskie IM Chess-ch 2022"]
[Site "Zagnansk"]
[Date "2022.05.05"]
[Round "8.4"]
[White "Chylewski, FM Patryk"]
[Black "Vlachos, IM Anatole"]
[Result "1/2-1/2"]
[ECO "C85"]
[WhiteElo "2281"]
[BlackElo "2406"]
[Annotator "TA"]
[PlyCount "53"]
[EventDate "2022.04.29"]
[EventCountry "POL"]
[SourceTitle "playchess.com"]
[Source "ChessBase"]
[SourceQuality "1"]
[TimeControl "40/5400+30:1800+30"]

1. e4 e5 2. Nf3 Nc6 3. Bb5 a6 4. Ba4 Nf6 5. O-O Be7 6. Bxc6 dxc6 7. d3 Nd7 8. Nbd2 O-O 9. b3 f6 10. Bb2 Nc5 11. d4 exd4 12. Nxd4 Ne6 {[%emt 0:01:22] C85: Closed Ruy Lopez: Deferred Exchange Variation.} 13. N2f3 Nxd4 14. Nxd4 c5 {[%emt 0:09:05] The position is equal.} 15. Nf5 Bxf5 16. exf5 Qxd1 17. Raxd1 Rad8 {[%emt 0:00:49] [#]} 18. c4 $146 ({Predecessor:} 18. g3 Kf7 19. Kg2 Rfe8 20. Kf3 Rxd1 21. Rxd1 Bd6 22. a4 Re7 23. Bc3 Ke8 24. Re1 {½-½ (36) Konrad,E (2196)-Wiesinger,R (2167) Austria 2016}) 18... Rxd1 19. Rxd1 Rd8 (19... Bd6 $11) 20. Rxd8+ $16 Bxd8 {[%emt 0:00:02][%mdl 4096] Endgame KB-KB} 21. f4 Be7 22. Kf2 Bd6 23. Kf3 {[%emt 0:00:25] White is slightly better.} Kf7 24. g4 c6 25. h4 Be7 26. Bc3 b6 27. Ke4 {[%emt 0:07:37] Weighted Error Value: White=0.05 (flawless) /Black=0.12 (very precise)} 1/2-1/2

[Event "Swietokrzyskie IM Chess-ch 2022"]
[Site "Zagnansk"]
[Date "2022.05.05"]
[Round "8.5"]
[White "Malek, Jan"]
[Black "Manik, GM Mikulas"]
[Result "1/2-1/2"]
[ECO "B22"]
[WhiteElo "2316"]
[BlackElo "2367"]
[Annotator "TA"]
[PlyCount "124"]
[EventDate "2022.04.29"]
[EventCountry "POL"]
[SourceTitle "playchess.com"]
[Source "ChessBase"]
[SourceQuality "1"]
[TimeControl "40/5400+30:1800+30"]

1. e4 c5 2. c3 Nf6 3. e5 Nd5 4. Nf3 d6 5. exd6 Qxd6 6. d4 e6 7. c4 Nf6 8. Nc3 a6 9. Be3 cxd4 10. Nxd4 Be7 11. Be2 O-O 12. O-O Nbd7 13. Qc1 {[%emt 0:02:04] B22: Sicilian: 2 c3.} Qc7 {[%emt 0:01:28] [#]} 14. Rd1 $146 ({Predecessor:} 14. b3 b6 15. Bf4 Bd6 16. Bxd6 Qxd6 17. Bf3 Rb8 18. Rd1 Ne5 19. Be2 Qc7 20. Qf4 Bb7 21. Qg3 {½-½ (28) Torok,T (2109)-Borda,L (2167) Budapest 2008}) 14... Re8 15. Bf4 {[%emt 0:03:35] White has an edge.} Qb6 (15... e5 $5 16. Bg3 Nf8 $14) 16. Nb3 Nc5 17. Qe3 Qb4 (17... Bd7 $14) 18. Nxc5 Qxc5 19. Bf3 Qxc4 20. Rac1 (20. Rd4 $5 Qc5 21. Rad1 $14) 20... Qc5 21. Na4 Qxe3 22. fxe3 Nd7 {[%emt 0:04:46] Against Nb6} 23. Rxc8 {[%emt 0:07:18] 0x0.002b16f2506edp-1022s more active pieces. The black rooks are badly placed.} Raxc8 $11 24. Rxd7 Rc1+ 25. Kf2 b5 26. Nc3 Rc2+ 27. Kg3 Rxb2 28. Be5 {[%emt 0:05:42][%cal Oc3d5] Strongly threatening Nd5!} Rc2 29. Be4 {[%emt 0:00:56] A strong pair of Bishops.} Rc1 30. Bd4 (30. Ne2 $11 Rc5 31. Bd4) 30... Bb4 (30... e5 $15 31. Bxe5 Bc5) 31. Ne2 {[%emt 0:00:34] The position is equal.} Rd1 32. Ra7 Rd2 33. Kf3 Rxa2 34. Bc6 Rb8 35. Nf4 $1 Bf8 36. Be5 Rc8 37. Bd7 Rd8 38. Bxb5 $1 {[%emt 0:00:38][%mdl 64] [#] Pin} Bc5 39. Rxa6 Rxa6 40. Bxa6 Ra8 41. Bd3 Ra3 {[%emt 0:16:44] Threatens to win with ...g5.} 42. h4 Ra5 43. Bb2 Ra2 44. Bc3 Ra3 45. Ne2 Be7 46. g3 Bf6 47. Bxf6 {[%emt 0:00:05] Hoping for Bc3.} Rxd3 48. Bd4 Ra3 49. Nf4 Ra5 50. g4 Rb5 {[%emt 0:00:36] And now ...e5 would win.} (50... e5 $5 51. Bc3 Rb5 $11) 51. Ke4 {[%emt 0:00:43] Against e5} f5+ 52. gxf5 exf5+ 53. Kf3 Kf7 54. Nh5 g6 55. Nf6 h6 56. Kf4 Rb1 57. h5 Rf1+ 58. Ke5 gxh5 59. Nxh5 Kg6 60. Nf4+ Kg5 61. e4 Rxf4 62. Be3 {[%emt 0:00:08][%csl LRf4,LRf5][%mdl 64] [#] White wants to mate with exf5. Pin} fxe4 {[%emt 0:00:02] Weighted Error Value: White=0.08 (flawless) /Black=0.07 (flawless)} 1/2-1/2

[Event "Swietokrzyskie IM Chess-ch 2022"]
[Site "Zagnansk"]
[Date "2022.05.06"]
[Round "9.2"]
[White "Vlachos, IM Anatole"]
[Black "Malek, Jan"]
[Result "1-0"]
[ECO "B27"]
[WhiteElo "2406"]
[BlackElo "2316"]
[Annotator "TA"]
[PlyCount "83"]
[EventDate "2022.04.29"]
[EventCountry "POL"]
[SourceTitle "playchess.com"]
[Source "ChessBase"]
[SourceQuality "1"]
[TimeControl "40/5400+30:1800+30"]

1. e4 c5 2. Nf3 g6 3. c3 Bg7 4. d4 cxd4 5. cxd4 d5 6. e5 Bg4 7. Bb5+ {[%emt 0:01:42] B27: Sicilian: 2 Nf3, unusual Black 2nd moves.} Nd7 {[%emt 0:00:11] seems to push 7...Nc6 aside.} 8. Nbd2 Bxf3 9. Qxf3 {[%emt 0:00:07] White is slightly better.} (9. gxf3 e6 $15) 9... a6 10. Bd3 e6 {[%emt 0:00:08] [#]} 11. Qe2 $146 ({Predecessor:} 11. O-O Ne7 12. Qe2 Qb6 13. Nf3 Nf5 14. Bxf5 exf5 15. Be3 Nf8 16. Rac1 Ne6 17. Ng5 {1-0 (51) Gavrilescu,D (2437)-Reich,T (2373) Zadar 2017}) 11... Ne7 12. Nf3 Nc6 13. h4 Qb6 (13... f6 $11) 14. Be3 $16 h6 15. O-O Nb4 16. Bb1 Rc8 17. a3 Nc6 18. Bd3 Rc7 19. b4 O-O 20. Rac1 {[%emt 0:01:33][%cal Oh4h5] Black must now prevent h5!} Rfc8 21. g4 Ne7 22. Rxc7 {[%emt 0:00:31] White is more active.} Qxc7 23. Rc1 {[%emt 0:02:25] Inhibits Qc3.} Qxc1+ (23... Qb8 $16 {was called for.}) 24. Bxc1 $18 Rxc1+ 25. Kg2 Rc3 26. a4 Nb6 27. Bxa6 bxa6 28. Qxa6 Nc4 29. a5 {[%emt 0:09:55][%mdl 1024] Strongly threatening Qb5. White has strong compensation.} Bf8 30. Qb7 Nc8 $2 31. Ng1 (31. Qxc8 $2 Ne3+ $1 32. fxe3 Rxc8 $19) 31... Rc2 32. Kh1 Nd2 33. a6 {[%emt 0:02:31] Hoping for b5.} Rc1 $2 (33... Ne4 $2 34. Nh3) (33... Kg7 34. b5 (34. a7 Nxa7 35. Qxa7 Bxb4 $15) (34. Ne2 Ne4 $11) 34... Be7) 34. Kh2 ({Inferior is} 34. a7 {[#]} Nxa7 $1 35. Qxa7 Nf3 $11) (34. Kg2 Nc4 $16) 34... Bxb4 $2 (34... Ne4 35. Ne2 (35. Nh3 Nd2 $16) 35... Rc2) 35. Qxb4 Nc4 36. Qc5 N8b6 37. a7 Ra1 38. Qe7 Kg7 39. Nh3 {[%emt 0:00:33] Threatening mate with Nf4.} Ra3 40. Nf4 {[%emt 0:00:00] White mates.} Kg8 41. h5 Rf3 {[%emt 0:15:57] [#]} 42. Nxg6 $1 {[%emt 0:00:48] Weighted Error Value: White=0.08 (flawless) /Black=0.56} 1-0

[Event "Swietokrzyskie IM Chess-ch 2022"]
[Site "Zagnansk"]
[Date "2022.05.06"]
[Round "9.3"]
[White "Krzywda, CM Andrzej"]
[Black "Chylewski, FM Patryk"]
[Result "0-1"]
[ECO "C42"]
[WhiteElo "2152"]
[BlackElo "2281"]
[Annotator "TA"]
[PlyCount "218"]
[EventDate "2022.04.29"]
[EventCountry "POL"]
[SourceTitle "playchess.com"]
[Source "ChessBase"]
[SourceQuality "1"]
[TimeControl "40/5400+30:1800+30"]

1. e4 e5 2. Nf3 Nf6 3. Nxe5 d6 4. Nf3 Nxe4 5. Nc3 Nf6 6. d4 Be7 7. Bd3 O-O 8. Ne2 Re8 9. O-O Bf8 10. Ng3 c5 11. c3 Nc6 12. h3 (12. d5 {looks sharper.} Nxd5 13. Bxh7+ Kxh7 14. Ng5+) 12... cxd4 13. cxd4 h6 14. a3 Be6 15. b4 Bd5 16. Bb2 Rc8 17. Rc1 g6 18. Nh2 Bg7 19. Re1 Qb6 20. Nhf1 Rxe1 (20... Nxd4 21. Rxc8 Rxc8 22. Bxg6 $1 $16) 21. Qxe1 Re8 22. Qd1 Be6 ({Resist} 22... Nxd4 23. Bxg6 $1 Nd7 24. Bh5 $18 (24. Ne3 Bb3 $16)) 23. Ne3 Ne7 24. Ne2 Ned5 25. Nc4 Qd8 26. Qa4 (26. b5 $11) 26... a6 $17 27. Na5 (27. Nd2 $17) 27... Qb8 (27... b5 $19 28. Qc2 Bd7) 28. Qd1 h5 29. Rb1 (29. b5 $15) 29... Bd7 30. Ba1 b6 31. Nc4 Bh6 32. Bb2 Bb5 (32... b5 $17 33. Nd2 Bc6) 33. Bc1 Bg7 34. Bd2 Ne4 35. Be1 Bh6 (35... Qc7 $15 36. Qb3 Qc6) 36. Qb3 Nef6 37. a4 Bd7 38. b5 a5 39. Qa3 Bf8 40. Bd2 Be6 41. Qb2 Rc8 42. Rc1 Qb7 43. Rc2 Re8 44. Qc1 Kh7 45. Ng3 ({White should try} 45. Nf4 $14) 45... Qb8 (45... Nb4 $15 46. Bxb4 axb4) 46. Qd1 Kg8 47. Qf3 Bg7 (47... Qd8 $1 $11) 48. Rc1 ({White has to play} 48. Ne4 $16) 48... Rc8 (48... Nb4 $1 $11 {remains equal.} 49. Bf1 h4) 49. Re1 (49. Ne4 $1 $16) 49... Nb4 $11 50. Bxb4 Bxc4 51. Bd2 Bxd3 52. Qxd3 Qb7 53. Rc1 Rxc1+ $1 54. Bxc1 Qd5 $1 55. Ba3 Nd7 56. Qe4 Qxd4 57. Qxd4 Bxd4 58. Bxd6 Bc5 59. Bc7 $1 Nf6 (59... Kf8 $1 $15) 60. Bd8 Nd5 61. Ne4 Bd4 62. Nd2 $2 (62. g4 $11) 62... Kf8 63. Nb3 Be5 64. Bg5 (64. Nd2 $17) 64... Nc3 $19 65. Nd2 (65. Kf1 {is a better defense.}) 65... Nxa4 $19 66. Be3 Ke7 67. Kf1 Bc7 68. Nc4 Ke6 69. Ke2 Kd5 70. Kd3 Nc5+ 71. Kc3 Ne4+ (71... f5 $19 {White must now prevent ...f4.} 72. g3 g5) 72. Kd3 $17 {[%emt 0:00:01] [#]} Nc5+ $2 (72... Nd6 $1 $17 73. Nxb6+ Ke6) 73. Kc3 $19 Nd7 74. Bd4 Bd8 75. f3 Bc7 76. g4 (76. Ne3+ $17 {was worth a try.} Ke6 77. Kc4) 76... Ke6 77. Kd3 Bd8 78. f4 f5 79. g5 $2 (79. gxh5 $17 gxh5 80. Be3) 79... Bc7 $19 80. Be3 Kd5 81. h4 $2 (81. Kc3) 81... a4 $19 82. Kc3 Nc5 83. Kb4 (83. Bg1 $142) 83... Nd3+ 84. Kc3 Nc5 (84... Bxf4 85. Kxd3 Bxe3 86. Nxe3+ Kd6 87. Kd4 $18) 85. Kb4 Nd3+ 86. Kc3 Nxf4 87. Nxb6+ $2 (87. Bxb6 Ne2+ 88. Kd3 Nf4+ 89. Kd2 Kxc4 90. Bxc7) 87... Bxb6 $19 88. Bxb6 a3 89. Kb3 Ne2 90. Ba5 Nd4+ 91. Kxa3 Nxb5+ 92. Kb3 Nd4+ 93. Kc3 Ke4 94. Bb6 Nf3 95. Bf2 f4 96. Kc4 Ne5+ 97. Kc3 Ng4 98. Bb6 f3 (98... Ne3 $142 99. Kb4 Nd5+ 100. Kc4 Nxb6+ 101. Kc5 {[#]} f3 $1 102. Kxb6 Kd5 103. Kb5 f2 104. Kb4 f1=Q 105. Kc3 Qe2 106. Kb3 Qd2 107. Ka4 Kc4 108. Ka3 Qf2 109. Ka4 Qa7#) 99. Kd2 $19 Ne5 100. Ke1 Nc4 101. Bc7 Ne3 102. Bg3 Nf5 103. Bf2 Kf4 104. Kf1 Kg4 105. Kg1 Nxh4 106. Be3 Nf5 107. Bd2 Ng3 108. Be3 Ne4 109. Kh2 Nxg5 0-1

[Event "Swietokrzyskie IM Chess-ch 2022"]
[Site "Zagnansk"]
[Date "2022.05.06"]
[Round "9.4"]
[White "Wikar, WFM Martyna"]
[Black "Kotyk, Michael"]
[Result "1/2-1/2"]
[ECO "C50"]
[WhiteElo "2197"]
[BlackElo "2170"]
[Annotator "TA"]
[PlyCount "145"]
[EventDate "2022.04.29"]
[EventCountry "POL"]
[SourceTitle "playchess.com"]
[Source "ChessBase"]
[SourceQuality "1"]
[TimeControl "40/5400+30:1800+30"]

1. e4 e5 2. Nf3 Nc6 3. Bc4 Bc5 4. d3 Nf6 5. O-O a6 6. a4 d6 7. c3 O-O 8. Nbd2 {[%emt 0:00:54] C54: Giuoco Piano: 4 c3 Nf6, main lines with 5 d4 and 5 d3.} Ba7 9. Re1 Ng4 $1 10. Re2 {[%emt 0:01:34] Black has an edge.} Kh8 $1 11. h3 Nh6 (11... f5 $5) 12. Nf1 f5 13. N1h2 Qf6 {[%emt 0:10:55] [#]} 14. exf5 $146 ({Predecessor:} 14. b4 Be6 15. Bxe6 Qxe6 16. b5 axb5 17. Bxh6 gxh6 18. axb5 fxe4 19. dxe4 Na5 20. Rxa5 Bxf2+ 21. Rxf2 Rxa5 {1-0 (47) Paulet,I (2281)-Bulmaga,I (2386) Bucharest 2018}) 14... Bxf5 (14... Nxf5 $15 15. Kh1 h6) 15. Bd5 Rab8 16. Kh1 Nf7 17. Be3 Bxe3 18. Rxe3 Ne7 19. Be4 d5 20. Bxf5 Nxf5 21. Re2 h5 {[%emt 0:03:49] Prevents Ng4.} 22. Qb3 c6 23. Rae1 Rfe8 24. Qb6 (24. c4 $14) 24... Re7 $11 25. c4 Rbe8 {[%emt 0:08:46] Strongly threatening ...e4.} 26. Nf1 dxc4 27. dxc4 e4 28. N3d2 Ng5 29. Nb3 {[%emt 0:02:09] Against Nd4} (29. Ng3 $1 $11) 29... e3 (29... Nh4 $17 {[%cal Oh4g2] White must now prevent ...Nxg2!} 30. Nbd2 Ng6) 30. Nxe3 Nxe3 31. fxe3 (31. Rxe3 $11 Ne4 32. f3 Ng3+ 33. Kg1 Rxe3 34. Rxe3 Rxe3 35. Qxe3) 31... Ne4 $17 {[%emt 0:00:33] Hoping for ...Ng3+.} 32. Kg1 Rf8 {[%emt 0:00:57][%mdl 1024] Black has strong compensation.} 33. Qd4 Qh4 ({Black should try} 33... Qf5 $17 {Threatens to win with ...Rd7.} 34. Rd1 Ref7) 34. Nd2 c5 35. Qd5 Ng3 36. Nf3 Nxe2+ 37. Rxe2 Qe4 {[%emt 0:03:21] [#] ...Qxd5 is the strong threat.} 38. Qxh5+ Kg8 39. Qxc5 Rd8 40. Kf2 Re6 41. b4 Rc6 42. Qg5 (42. Qa5 $5 Rcc8 43. Rd2 Rxd2+ 44. Nxd2 Rf8+ 45. Nf3 $11) 42... Rf8 43. Qd5+ Re6 44. Qxe4 Rxe4 $14 {[%emt 0:00:08][%mdl 4096] Endgame KRR-KRN} 45. Rc2 b5 46. axb5 axb5 47. cxb5 Rxb4 48. Rc5 Rb2+ 49. Kg3 Re8 50. e4 Rb4 51. e5 Rb8 52. Rc7 R4xb5 53. h4 Re8 54. Kg4 Rbxe5 55. Nxe5 Rxe5 $11 {[%emt 0:00:03] KR-KR} 56. Kf4 Ra5 57. g4 Kh7 58. h5 Ra4+ 59. Kg5 Ra5+ 60. Kh4 Ra1 61. Rc5 Rb1 62. Rc4 Ra1 63. Kg5 Ra5+ 64. Kf4 Ra1 65. Re4 Rf1+ 66. Kg5 Ra1 67. Kf5 Rf1+ (67... g6+ $5 68. hxg6+ Kh6 $14) 68. Rf4 Ra1 69. g5 Rh1 {[%emt 0:01:31] The position is equal.} 70. Kg4 Rg1+ 71. Kh4 Rh1+ 72. Kg4 Rg1+ 73. Kh4 {[%emt 0:00:04] Weighted Error Value: White=0.18 (very precise) /Black=0.13 (very precise)} 1/2-1/2